 Dungeon Crawl Stone Soup version 0.18-a0-1435-gee79d65 (webtiles) character file.

63 M4edhros the Vandal (level 4, -3/29 HPs)
             Began as an Octopode Hunter on Feb 28, 2016.
             Killed from afar by a dart slug (5 damage)
             ... with a slug dart
             ... on level 4 of the Dungeon.
             The game lasted 00:01:30 (1302 turns).

M4edhros the Vandal (Octopode Hunter)               Turns: 1302, Time: 00:01:30

Health: -3/29      AC:  1    Str: 11    XL:     4   Next: 10%
Magic:  4/4        EV: 13    Int: 18    God:
Gold:   72         SH:  0    Dex: 13    Spells: 0 memorised, 3 levels left

rFire  . . .     SeeInvis .     b - +0 short sword
rCold  . . .     Gourm    .     (no shield)
rNeg   . . .     Faith    .     (helmet restricted)
rPois  .         Spirit   .     (no amulet)
rElec  .         Dismiss  .     (no ring)
rCorr  .         Reflect  .     (no ring)
SustAt .         Harm     .     (no ring)
MR     .....                    (no ring)
Stlth  +++.......               (no ring)
                                (no ring)
                                (no ring)
                                (no ring)

@: brilliant, lethally poisoned (-3 -> -7), not resistant to hostile
enchantments, fairly stealthy
A: almost no armour, amphibious, 8 rings, constrict 8, camouflage 1, gelatinous
body 1
a: no special abilities


You were on level 4 of the Dungeon.
You were not hungry.

You visited 1 branch of the dungeon, and saw 4 of its levels.

You collected 72 gold pieces.

Inventory:

Hand Weapons
 a - a +1 hunting sling
 b - a +0 short sword (weapon)
Missiles
 c - 19 sling bullets
 m - 54 stones (quivered)
Jewellery
 n - an uncursed ring of see invisible {unknown}
Scrolls
 e - a scroll of recharging {unknown}
 f - a scroll of magic mapping {unknown}
 h - a scroll of blinking {unknown}
 j - 4 scrolls of amnesia {unknown}
 k - a scroll of remove curse {unknown}
 l - a scroll of enchant armour {unknown}
 o - a scroll of identify {unknown}
Comestibles
 d - 3 bread rations
 g - 5 fruits


   Skills:
 - Level 2.0 Fighting
 + Level 4.9 Slings
 + Level 3.2 Dodging
 - Level 1.3 Stealth


You had 3 spell levels left.
You didn't know any spells.

Dungeon Overview and Level Annotations

Branches:
Dungeon (4/15)
 Temple: D:4-7

Altars:
Dithmenos
Ru


Innate Abilities, Weirdness & Mutations

You cannot wear most types of armour.
You are amphibious.
You can wear up to eight rings at the same time.
You can use your tentacles to constrict eight enemies at once.
Your skin changes colour to match your surroundings (Stealth).
Your rubbery body absorbs attacks (AC +1).


Message History

Found a leather armour.
* * * LOW HITPOINT WARNING * * *
You feel sick.
Found a stone staircase leading down.
* * * LOW HITPOINT WARNING * * *
You feel sick.
A dart slug comes into view.
* * * LOW HITPOINT WARNING * * *
You feel sick.
Found a scroll labeled CUTTI WOQAAB.
There is a stone staircase leading down here.
Found 6 gold pieces.
* * * LOW HITPOINT WARNING * * *
You feel sick.
You aren't carrying any items that can be evoked.
* * * LOW HITPOINT WARNING * * *
You feel sick. The dart slug launches a dart at you. The slug dart hits you!
You die...

#.# . #.#
.## #.# ..#
#.# #####
#.#
###.###...†
..#
#.......<##
#.#
#.#.###..#
#.# #.#.#
#..#
#@######>#.#
#....
#......w..[#
#.###
#.######...#
#.# #.#
#...# #.#
#.. .w..#
#.# ###
#..## #..#
#.?# .$.


You could see a dart slug.

Vanquished Creatures
  A worker ant (D:4)
  3 adders
  A giant gecko (D:1)
  A giant cockroach (D:2)
  A goblin (D:1)
  A hobgoblin (D:1)
  2 bats
  2 giant newts
  2 kobolds (D:1)
  2 rats (D:1)
16 creatures vanquished.

Notes
Turn   | Place    | Note
--------------------------------------------------------------
     0 | D:1      | M4edhros the Octopode Hunter began the quest for the Orb.
     0 | D:1      | Reached XP level 1. HP: 14/14 MP: 1/1
     6 | D:1      | Noticed a lindwurm
     6 | D:1      | Noticed a rime drake
     6 | D:1      | Noticed a wolf
     7 | D:1      | Noticed a black bear
     7 | D:1      | Noticed an anaconda
   489 | D:1      | Reached XP level 2. HP: 19/19 MP: 2/2
  1009 | D:3      | Reached XP level 3. HP: 13/24 MP: 3/3
  1217 | D:3      | Found a shadowy altar of Dithmenos.
  1217 | D:3      | Found a sacrificial altar of Ru.
  1285 | D:4      | Reached XP level 4. HP: 10/29 MP: 4/4
  1302 | D:4      | Killed from afar by a dart slug

Vault maps used:
D:1:      onia_arrival_zoo_common, minmay_curled_crystal
D:2:      lemuel_blue_sif_altar, lemuel_coloured_pillars_altar,
          ecumenical_altar_1
D:3:      gammafunk_temple_overflow_elements, first_bread
D:4:      gammafunk_temple_overflow_wave, kennysheep_generic_room_7

Skill      XL: |  1  2  3 |
---------------+----------+-----
Dodging        | 3 |  3.2
Fighting       | |  2.0
Slings         | |  4.9
Stealth        | |  1.3

Action                   |  1- 3 |  4- 6 || total
-------------------------+-------+-------++-------
Melee: Short sword       |    24 |       ||    24
 Fire: Hunting sling     |    18 |       ||    18
  Use: Potion            |     1 |       ||     1
 Stab: Sleeping          |     2 |       ||     2
  Eat: Chunk             |     1 |       ||     1
